AoeStats
← ozgurdgs

Fortress

508932363Analyzed
2v2 RM · 7d ago on Sep 24, 2026· 59m 6s· 4 players
Game mode
Random Map
Map size
Normal (6 player)
Population
200
Speed
Normal
Resources
Standard
Victory
Conquest
Starting age
Dark Age
Ending age
Imperial Age
RankedLock teamsTeams togetherTeam positionsShared explorationLock speedFull tech treeHidden civsTurbo modeCheats
Victory
Defeat
🇦🇷 Saracens · Argentina
937
+15
🇦🇹 Bulgarians · Austria
898
+17
🇹🇷 Franks · Türkiye
922
-16
🇹🇷 Khmer · Türkiye
914
-16
ozgurdgs
8:36 Feudal Age
12:40 Castle Age
12:04 Double-Bit Axe
17:33 Horse Collar
20:22 Forging
20:13 Scale Mail Armor
21:32 Loom
22:23 Wheelbarrow
24:11 Pikeman
25:31 Iron Casting
30:23 Imperial Age
29:51 Chain Mail Armor
30:08 Bow Saw
34:13 Gold Mining
35:30 Gold Shaft Mining
34:51 Halberdier
36:40 Double Crossbow
37:05 Ballistics
38:33 Chemistry
37:39 Siege Engineers
37:57 Conscription
37:36 Arson
37:51 Heavy Scorpion
39:58 Hand Cart
49:52 Town Watch
kaplanca
8:44 Feudal Age
9:18 Double-Bit Axe
10:38 Gold Mining
13:31 Castle Age
14:42 Bow Saw
16:07 Stone Mining
17:53 Wheelbarrow
19:46 Gold Shaft Mining
25:02 Imperial Age
25:25 Husbandry
27:15 Chemistry
28:49 Forging
28:46 Scale Barding Armor
29:20 Conscription
29:35 Cavalier
30:35 Town Watch
31:19 Paladin
38:35 Hand Cart
38:21 Town Patrol
39:56 Iron Casting
40:29 Pikeman
42:35 Blast Furnace
41:13 Halberdier
46:02 Squires
57:38 Scale Mail Armor
58:01 Chain Barding Armor
emanuelvicente14
7:30 Feudal Age
11:28 Castle Age
10:49 Wheelbarrow
10:24 Double-Bit Axe
10:51 Horse Collar
10:58 Man-at-Arms
19:16 Bow Saw
20:13 Husbandry
21:21 Heavy Plow
25:28 Imperial Age
23:54 Gold Mining
23:55 Stone Mining
25:55 Bloodlines
26:22 Heavy Camel Rider
28:55 Gold Shaft Mining
29:11 Elite Skirmisher
30:18 Parthian Tactics
29:16 Elite Skirmisher
31:33 Thumb Ring
31:58 Scale Barding Armor
31:54 Scale Mail Armor
32:05 Forging
31:55 Padded Archer Armor
34:08 Chemistry
32:35 Capped Ram
33:54 Conscription
37:38 Chain Mail Armor
37:43 Chain Barding Armor
38:00 Iron Casting
51:31 Plate Mail Armor
52:01 Blast Furnace
51:37 Plate Barding Armor
51:18 Leather Archer Armor
50:54 Fletching
53:46 Siege Ram
prayforgood
7:29 Feudal Age
9:21 Double-Bit Axe
15:13 Castle Age
13:42 Horse Collar
13:58 Stone Mining
14:00 Gold Mining
16:12 Bow Saw
16:05 Heavy Plow
16:53 Husbandry
19:02 Loom
20:11 Wheelbarrow
20:32 Scale Barding Armor
23:02 Hand Cart
28:17 Town Watch
32:56 Imperial Age
31:09 Town Patrol
31:21 Bloodlines
31:23 Forging
31:13 Scale Mail Armor
31:14 Padded Archer Armor
33:02 Stone Shaft Mining
33:02 Gold Shaft Mining
33:52 Caravan
35:24 Ballistics
35:00 Murder Holes
34:56 Heated Shot
35:23 Pikeman
36:04 Squires
35:50 Arson
36:16 Capped Ram
37:44 Halberdier
38:13 Siege Ram
38:36 Onager
39:52 Conscription
43:20 Gambesons
43:19 Cavalier
43:19 Light Cavalry
45:29 Stirrups
45:35 Bagains
46:51 Chain Barding Armor
48:25 Siege Onager
50:18 Elite Konnik
50:26 Heavy Scorpion
53:19 Chemistry
52:30 Masonry
51:57 Hussar
57:19 Crop Rotation
58:26 Plate Barding Armor
58:27 Iron Casting
58:07 Chain Mail Armor
58:08 Leather Archer Armor
57:43 Fletching
58:05 Siege Engineers
Connection lost

Rejoining the realm…

Still unreachable

The connection could not be restored.

Session expired

The server has moved on; the page needs a fresh start.